 Dungeon Crawl Stone Soup version 0.18-a0-1805-g8ab820f (webtiles) character file.

75 Mefis the Magician (level 4, -7/24 HPs)
             Began as a Deep Elf Wizard on Apr 26, 2016.
             Mangled by an orc warrior
             ... wielding a +0 short sword
              (18 damage)
             ... on level 3 of the Dungeon.
             The game lasted 00:09:11 (2595 turns).

Mefis the Magician (Deep Elf Wizard)                Turns: 2595, Time: 00:09:12

Health: -7/24      AC:  2    Str:  4    XL:     4   Next: 11%
Magic:  0/12       EV: 13    Int: 24    God:
Gold:   168        SH:  0    Dex: 13    Spells: 5 memorised, 2 levels left

rFire  . . .     SeeInvis .     e - +1 spear (pierce)
rCold  . . .     Gourm    .     a - +0 robe
rNeg   . . .     Faith    .     (no shield)
rPois  .         Spirit   .     b - +0 hat
rElec  .         Dismiss  .     (no cloak)
rCorr  .         Reflect  .     (no gloves)
SustAt .         Harm     .     (no boots)
MR     .....                    (no amulet)
Stlth  +++.......               (no ring)
                                (no ring)

@: very slightly contaminated, repel missiles, not resistant to hostile
enchantments, fairly stealthy
A: no striking features
a: no special abilities


You were on level 3 of the Dungeon.
You were not hungry.

You visited 1 branch of the dungeon, and saw 3 of its levels.

You collected 168 gold pieces.

Inventory:

Hand Weapons
 e - a +1 spear of piercing (weapon)
Armour
 a - a +0 robe (worn)
 b - a +0 hat (worn)
Scrolls
 f - 2 scrolls of random uselessness
 g - a scroll of magic mapping {unknown}
 k - 2 scrolls of teleportation {unknown}
 l - 4 scrolls of remove curse
 m - a scroll of amnesia {unknown}
 o - 6 scrolls of identify {unknown}
 p - a scroll of enchant armour {unknown}
Potions
 i - a potion of curing {unknown}
 q - 2 potions of brilliance {unknown}
Books
 c - a book of Minor Magic

   Spells                             Type                      Level
   a - Magic Dart                     Conjuration                  1
   b - Blink                          Translocation                2
   c - Call Imp                       Summoning                    2
   d - Repel Missiles                 Charms/Air                   2
   e - Slow                           Hexes                        2
   f - Conjure Flame                  Conjuration/Fire             3
   g - Mephitic Cloud                 Conjuration/Poison/Air       3
Comestibles
 d - 2 bread rations
 h - a slice of pizza
 n - 2 meat rations
 r - a beef jerky


   Skills:
 + Level 3.2 Dodging
 + Level 4.0 Stealth
 + Level 4.8 Spellcasting
 + Level 2.4 Conjurations
 - Level 1.1 Summonings
 - Level 1.1 Translocations


You had 2 spell levels left.
You knew the following spells:

 Your Spells              Type           Power        Failure   Level  Hunger
a - Magic Dart            Conj           ###.         3%          1    None
b - Call Imp              Summ           ##......     12%         2    None
c - Blink                 Tloc           N/A          12%         2    None
d - Repel Missiles        Chrm/Air       #.....       14%         2    None
e - Mephitic Cloud        Conj/Pois/Air  #.......     21%         3    ##.....


Dungeon Overview and Level Annotations

Branches:
Dungeon (3/15)

Altars:
Gozag


Message History

Press: ? - help, Dir - move target cursor, f/p - orc warrior
Aim: an orc warrior, wielding a short sword and wearing a chain mail (almost dead)
You hit the orc warrior but do no damage.
The orc warrior is almost dead.
The orc warrior hits you with a short sword!
Ouch! That really hurt!
Your crimson imp blinks!
You closely miss the orc warrior.
The orc warrior is almost dead.
The orc warrior closely misses you.
Casting: Magic Dart
Confirm with . or Enter, or press ? or * to list all spells.
Aiming: Magic Dart
Press: ? - help, Shift-Dir - straight line, f/p - orc warrior
Aim: an orc warrior, wielding a short sword and wearing a chain mail (almost dead)
The magic dart hits the orc warrior.
The orc warrior is almost dead.
The orc warrior hits you with a short sword!!
Ouch! That really hurt!
You die...

.........######......#
##......#######...##.....
#......##........# #.)
#.#.#=###.#####..#
#.###.###.#####(.#####o..#
#.###.......o.......)....
#K......############.#.
#.#..##.#.....)......#.#
#..##......@o.รท5......
#.......#######.......
##.##.### .####># # #.# .#
#.# .# #.# .# #.# .# #.#
.# #.


You could see an orc warrior and a friendly crimson imp.

Vanquished Creatures
  A hound skeleton (D:3)
  A dart slug (D:2)
  2 giant geckos
  2 orcs (D:3)
  3 giant cockroaches
  7 goblins
  6 hobgoblins
  8 kobolds
  A quokka (D:3)
  5 bats
  5 giant newts
  6 rats
47 creatures vanquished.

Vanquished Creatures (collateral kills)
  2 worms (D:2)
  A dart slug (D:3)
  A giant gecko (D:3)
4 creatures vanquished.

Grand Total: 51 creatures vanquished

Notes
Turn   | Place    | Note
--------------------------------------------------------------
     0 | D:1      | Mefis the Deep Elf Wizard began the quest for the Orb.
     0 | D:1      | Reached XP level 1. HP: 10/10 MP: 7/7
   420 | D:2      | Reached XP level 2. HP: 15/15 MP: 7/9
   424 | D:2      | Learned a level 2 spell: Call Imp
   427 | D:2      | Learned a level 2 spell: Blink
   430 | D:2      | Learned a level 2 spell: Repel Missiles
  1145 | D:1      | Reached XP level 3. HP: 19/19 MP: 7/11
  1150 | D:1      | Learned a level 3 spell: Mephitic Cloud
  2349 | D:3      | Found an opulent altar of Gozag.
  2391 | D:3      | Reached XP level 4. HP: 20/24 MP: 1/12
  2482 | D:3      | Noticed an orc warrior
  2595 | D:3      | Mangled by an orc warrior

Vault maps used:
D:1:      lemuel_arrival_muddy, patterned_corridor
D:2:      grunt_ministairs_14
D:3:      grunt_gozag_breadcrumbs, johnstein_pakellas_dig

Skill      XL: |  1  2  3  4 |
---------------+-------------+-----
Conjurations   | 2 |  2.4
Stealth        | 3 4 |  4.0
Dodging        | 3 |  3.2
Spellcasting   | |  4.8
Summonings     | |  1.1
Translocations | |  1.1

Action                   |  1- 3 |  4- 6 || total
-------------------------+-------+-------++-------
Melee: Spear             |     2 |     5 ||     7
 Cast: Magic Dart        |   116 |    17 ||   133
       Call Imp          |     6 |     3 ||     9
       Repel Missiles    |     1 |       ||     1
       Mephitic Cloud    |       |     1 ||     1
  Use: Scroll            |     2 |       ||     2
 Stab: Distracted        |       |     1 ||     1
  Eat: Chunk             |     4 |     1 ||     5
Armor: Robe              |     2 |       ||     2
Dodge: Dodged            |    14 |     3 ||    17
       Deflected         |     1 |       ||     1
